 Dungeon Crawl Stone Soup version 0.30-a0-304-gdc4b735fe1 (webtiles) character file.

Game seed: 10674040176736558707

2 blackman the Sneak (level 1, -2/18 HPs)
             Began as a Human Delver on Oct 20, 2022.
             Slain by a river rat (8 damage)
             ... in a sewer.
             The game lasted 00:00:21 (300 turns).

blackman the Sneak (Human Delver)                    Turns: 300, Time: 00:00:22

Health: -2/18      AC:  3    Str: 12    XL:     1   Next: 33%
Magic:  1/1        EV: 12    Int: 10    God:
Gold:   0          SH:  0    Dex: 14    Spells: 0/0 levels left

rFire   . . .      SeeInvis .    a - +0 falchion
rCold   . . .      Faith    .    (no shield)
rNeg    . . .      Spirit   .    b - +0 leather armour
rPois   .          Reflect  .    (no helmet)
rElec   .          Harm     .    (no cloak)
rCorr   .          Rampage  .    (no gloves)
Will    .....                    (no boots)
Stlth   +++.......               (no amulet)
HPRegen 0.23/turn                (no ring)
MPRegen 0.07/turn                (no ring)

@: no status effects
A: no striking features
a: no special abilities


You were in a sewer.
You visited 1 branch of the dungeon, and saw 1 of its levels.
You also visited: Sewer.

Inventory:

Hand Weapons
 a - a +0 falchion (weapon)
Armour
 b - a +0 leather armour (worn)
Wands
 g - a wand of digging (3)
Scrolls
 c - a scroll of fog
 d - a scroll of magic mapping
 e - a scroll of fear
 h - 2 scrolls of enchant armour {unknown}
Potions
 f - a potion of haste


   Skills:
 - Level 3.0 Fighting
 + Level 2.2 Long Blades
 - Level 2.0 Dodging
 - Level 5.0 Stealth


You couldn't memorise any spells.
You didn't know any spells.
Your spell library was empty.

Dungeon Overview and Level Annotations

Branches:
Dungeon (5/15)              Sewer (1/1)
 Temple: D:4-7

Altars:


Message History

A river rat is nearby!
A river rat is nearby!
You enter the shallow water.
Moving in this stuff is going to be slow.
A worm comes into view.
A river rat comes into view.
You barely miss the river rat. The river rat closely misses you.
The river rat barely misses you.
You closely miss the river rat. The river rat bites you.
You hit the river rat.
The river rat is lightly wounded.
The river rat barely misses you.
You barely miss the river rat.
The river rat is lightly wounded.
The river rat barely misses you.
You closely miss the river rat.
The river rat is lightly wounded.
The river rat closely misses you.
You closely miss the river rat.
The river rat is lightly wounded.
The river rat misses you.
You barely miss the river rat.
The river rat is lightly wounded.
The river rat closely misses you. x2
You barely miss the river rat.
The river rat is lightly wounded.
The river rat barely misses you.
You closely miss the river rat.
The river rat is lightly wounded.
The river rat barely misses you.
You closely miss the river rat.
The river rat is lightly wounded.
The river rat bites you.
You hit the river rat but do no damage.
The river rat is lightly wounded.
The river rat bites you!
You hit the river rat.
The river rat is lightly wounded.
The river rat bites you!
You die...

~...~ ... ... #~#
#≈ #~# #≈ #r# #≈
#w# ##≈## ##r##
##.~~## ##.@.##
#≈##.~~.~####.....#
≈≈≈≈~.∩~~~~÷~...~~#
###...∩~####..~..#
##~..## ##~.~##
##~## ##### #~ #~
#~


You could see a worm and 2 river rats.

Vanquished Creatures
  A ball python (Sewer)
  A bat (D:5)
  A rat (Sewer)
3 creatures vanquished.

Notes
Turn   | Place    | Note
-------+----------+-------------------------------------------
     0 | D:5      | blackman the Human Delver began the quest for the Orb.
     0 | D:5      | Reached XP level 1. HP: 18/18 MP: 1/1
     2 | D:5      | Found a glowing drain.
    18 | Sewer    | Entered a sewer
   300 | Sewer    | Slain by a river rat

Illustrated notes

Levels and vault maps discovered:
D:5:      layout_cave_pools, cheibrodos_sewer_entry_sluice,
          nrook_mini_backslash, nicolae_shop_vocational, uniq_blork_the_orc,
          uniq_edmund, uniq_duvessa
Sewer:    sewer_co_15_rooms

Action                   || total
-------------------------++-------
Melee: Falchion          ||    24
Armor: Leather armour    ||     8
Dodge: Dodged            ||    14

Table legend: (Time is in decaauts)
 A = Elapsed time spent in this place.
 B = Non-inter-level travel time spent in this place.
 C = Inter-level travel time spent in this place.
 D = Time resting spent in this place.
 E = Time spent auto-exploring this place.
 F = Levels seen in this place.
 G = Mean time per level.
                   A        B        C        D        E       F      G
               +--------+--------+--------+--------+--------+-----+--------+
         Total |    311 |    311 |      0 |    246 |      6 |   2 |  155.5 |
       Dungeon |     19 |     19 |      0 |      0 |      1 |   1 |   19.0 |
         Sewer |    291 |    291 |      0 |    246 |      5 |   1 |  291.0 |
               +--------+--------+--------+--------+--------+-----+--------+

Top non-repeatable levels by time:
   Sewer: 291 daAuts
     D:5: 19 daAuts
